 Dungeon Crawl Stone Soup version 0.15.0-14-g6bbbb5c (webtiles) character file.

242 Johnny the Gusty (level 5, 0/39 HPs)
             Began as a Demigod Air Elementalist on Sept 4, 2014.
             Slain by a centaur (6 damage)
             ... on Level 4 of the Dungeon.
             The game lasted 00:07:12 (3203 turns).

Johnny the Gusty (Demigod Air Elementalist)         Turns: 3203, Time: 00:07:12

HP   0/39        AC  2     Str 13      XL: 5   Next: 51%
MP   1/14        EV  9     Int 21      God:
Gold 106         SH  0     Dex 17      Spells:  4 memorised,  2 levels left

rFire  . . .     SeeInvis .     f - +0 short sword
rCold  . . .     Clarity  .     h - +0 ring mail
rNeg   . . .     rCorr    .     (no shield)
rPois  .         rRot     .     (no helmet)
rElec  .         Spirit   .     (no cloak)
SustAb .         Warding  .     (no gloves)
rMut   .         Stasis   .     (no boots)
Gourm  .                        (no amulet)
MR     +....                    (no ring)
                                e - ring of protection from magic

@: very slightly contaminated, repel missiles, somewhat resistant to hostile
enchantments, very unstealthy
A: hooves 1, deformed body, strong 1
a: no special abilities


You were on level 4 of the Dungeon.
You were not hungry.

You visited 1 branch of the dungeon, and saw 4 of its levels.

You collected 106 gold pieces.

Inventory:

Hand weapons
 f - a +0 short sword (weapon)
Armour
 h - a +0 ring mail (worn)
Magical devices
 d - a wand of digging (12)
 j - a wand of polymorph (13)
Comestibles
 l - a bread ration
Scrolls
 a - 3 scrolls of remove curse {unknown}
 g - a scroll of enchant armour {unknown}
 m - a scroll of blinking {unknown}
Jewellery
 e - a ring of protection from magic (left hand)
Books
 b - a book of Air

   Spells                             Type                      Level
   *Shock                             Conjuration/Air              1
   *Swiftness                         Charms/Air                   2
   *Repel Missiles                    Charms/Air                   2
   Flight                             Charms/Air                   3
   *Static Discharge                  Conjuration/Air              3
   Lightning Bolt                     Conjuration/Air              5


   Skills:
 + Level 0.3 Fighting
 + Level 0.6 Short Blades
 + Level 1.6 Armour
 + Level 2.5 Dodging
 + Level 1.8 Stealth
 + Level 3.0 Spellcasting
 + Level 2.1 Conjurations
 + Level 3.6 Air Magic
 + Level 0.2 Evocations


You had 2 spell levels left.
You knew the following spells:

 Your Spells              Type           Power        Failure   Level  Hunger
a - Shock                 Conj/Air       ###.         8%          1    None
b - Static Discharge      Conj/Air       ###.....     17%         3    ###....
c - Repel Missiles        Chrm/Air       ##....       14%         2    ##.....
d - Swiftness             Chrm/Air       ##......     14%         2    ##.....


Dungeon Overview and Level Annotations

Branches:
Dungeon (4/15)
 Temple: D:4-7


Innate Abilities, Weirdness & Mutations

You have large cloven feet.
Armour fits poorly on your strangely shaped body.
Your muscles are strong. (Str +2)


Message History

You miscast Static Discharge.
You are very lightly contaminated with residual magic.
Nothing appears to happen.
The centaur hits you. The centaur hits you.
* * * LOW HITPOINT WARNING * * *
Casting: Static Discharge
Confirm with . or Enter, or press ? or * to list all spells.
You miscast Static Discharge.
Your hair stands on end.
The centaur hits you.
* * * LOW HITPOINT WARNING * * *
Casting: Static Discharge
Confirm with . or Enter, or press ? or * to list all spells.
You don't have enough magic to cast that spell.
Casting: Static Discharge
Confirm with . or Enter, or press ? or * to list all spells.
Aiming: Shock
Press: ? - help, Shift-Dir - straight line, f/p - centaur
Aim: a centaur (heavily wounded)
The zap hits the centaur.
The centaur is heavily wounded.
The centaur hits you.
You die...

#.###.....# #######.##
.#.#.......##..........#
......###...............##
...... #.................
#...(###.#.##.######...##
#.....#.# .# ###...#
###.###.## # #.....#
#.###(###.##.####.#...#
#(.....@c..%..........#
###.#.######..........##
##.## #............ #.
######.###..# #. #.###.#.
#. #....## #. #..### .
#..#####
#.############.......


You could see a centaur.

Vanquished Creatures
  A phantom (D:4)
  An orc priest (D:3)
  A worker ant (D:4)
  Jessica (D:2)
  2 adders
  A giant mite (D:4)
  2 worms (D:2)
  2 giant geckos
  2 orcs (D:3)
  3 bats
  4 goblins
  4 hobgoblins
  10 jackals
  A giant cockroach (D:1)
  A giant newt (D:2)
  3 kobolds
  3 rats
42 creatures vanquished.

Notes
Turn   | Place    | Note
--------------------------------------------------------------
     0 | D:1      | Johnny, the Demigod Air Elementalist, began the quest for the Orb.
     0 | D:1      | Reached XP level 1. HP: 14/14 MP: 3/3
   823 | D:1      | Reached XP level 2. HP: 20/20 MP: 2/4
   890 | D:2      | Reached skill level 1 in Conjurations
  1094 | D:2      | Reached skill level 3 in Air Magic
  1296 | D:2      | Reached XP level 3. HP: 26/26 MP: 4/8
  1409 | D:2      | Noticed Jessica
  1434 | D:2      | Killed Jessica
  1988 | D:3      | Found a deep blue altar of Sif Muna.
  2217 | D:3      | Reached skill level 1 in Armour
  2217 | D:3      | Reached XP level 4. HP: 33/33 MP: 4/11
  2827 | D:4      | Learned a level 3 spell: Static Discharge
  2830 | D:4      | Learned a level 2 spell: Repel Missiles
  2834 | D:4      | Learned a level 2 spell: Swiftness
  2834 | D:4      | Noticed a phantom
  2875 | D:4      | Gained mutation: Armour fits poorly on your strangely shaped body. [potion of mutation]
  2875 | D:4      | Gained mutation: You have large cloven feet. [potion of mutation]
  2875 | D:4      | Gained mutation: Your muscles are strong. (Str +2) [potion of mutation]
  2880 | D:4      | HP: 1/34 [phantom (3)]
  2881 | D:4      | Killed a phantom
  2881 | D:4      | Reached XP level 5. HP: 1/39 MP: 0/14
  3195 | D:4      | Noticed a centaur
  3203 | D:4      | Slain by a centaur

Action                   |  1- 3 |  4- 6 || total
-------------------------+-------+-------++-------
Melee: Short sword       |    55 |    37 ||    92
       Unarmed           |     1 |       ||     1
 Cast: Shock             |    70 |    33 ||   103
       Static Discharge  |       |     2 ||     2
       Swiftness         |       |     1 ||     1
       Repel Missiles    |       |     1 ||     1
Evoke: Wand              |       |     3 ||     3
  Use: Potion            |       |     6 ||     6
  Eat: Bread ration      |     1 |     1 ||     2
